Map: Romanticide LE

Players

TIME (Oliveira) - Winner!

  • Race: Terran Terran

Neeb

  • Race: Protoss Protoss

Event: DreamHack SC2 Masters 2021 Summer

VOD

Have the link to the VOD?

Description

Time

  • Played on: July 2, 2021, 10:13 a.m.
  • Length: 16:21

All games in this series

Show
View Real Time Build Order
Export as new Build Order

TIME Terran - Winner!

Build Orders:  

Get SALT Encoding   

  12  0:00  SCV  
  13  0:12  SCV  
  14  0:17  Supply Depot  
  14  0:25  SCV  
  15  0:39  SCV  
  15  0:41  Barracks  
  16  0:45  Refinery  
  16  0:51  SCV  
  17  1:03  SCV  
  18  1:15  SCV  
  19  1:28  Orbital Command, Marine  
  20  1:42  Command Center  
  20  1:46  Barracks Reactor  
  20  1:54  Supply Depot  
  20  1:55  SCV  
  21  2:07  Factory, SCV  
  22  2:13  Refinery  
  22  2:19  SCV  
  23  2:22  Marine  
  23  2:23  Marine  
  25  2:31  SCV  
  26  2:40  Marine x2  
  26  2:43  SCV  
  29  2:52  Widow Mine, Starport  
  29  2:54  Orbital Command  
  29  2:58  SCV  
  32  3:00  Marine  
  32  3:03  Marine  
  34  3:10  SCV  
  35  3:15  Widow Mine  
  37  3:20  SCV  
  37  3:21  Marine x2  
  37  3:22  SCV  
  41  3:28  Supply Depot  
  41  3:30  Medivac  
  41  3:32  SCV  
  44  3:36  Factory Tech Lab  
  44  3:39  SCV  
  44  3:40  Marine  
  46  3:45  Supply Depot  
  46  3:49  Marine, SCV  
  48  3:55  Siege Tank  
  48  3:56  Bunker  
  48  3:59  SCV  
  52  4:04  Marine  
  52  4:06  Liberator  
  52  4:07  SCV  
  57  4:11  SCV  
  57  4:12  Supply Depot  
  57  4:15  Marine  
  59  4:22  SCV  
  59  4:23  SCV  
  61  4:33  Marine x2  
  61  4:34  Siege Tank, Supply Depot, SCV  
  61  4:35  SCV  
  68  4:46  SCV  
  68  4:48  Command Center  
  68  4:49  SCV  
  70  4:54  Supply Depot  
  70  4:55  Marine x2  
  70  4:57  Starport Tech Lab  
  70  4:59  SCV  
  73  5:01  SCV  
  73  5:04  Barracks  
  73  5:06  Siege Tank  
  77  5:13  SCV  
  75  5:15  Marine  
  75  5:20  SCV  
  72  5:23  Barracks  
  72  5:25  SCV  
  69  5:29  Refinery  
  69  5:30  Refinery  
  69  5:33  SCV  
  70  5:37  SCV  
  70  5:40  Siege Tank  
  74  5:42  Marine  
  74  5:43  Marine  
  74  5:45  SCV  
  74  5:49  SCV  
  76  5:57  SCV  
  76  6:01  SCV  
  76  6:02  Orbital Command  
  76  6:03  Engineering Bay  
  76  6:06  Engineering Bay  
  76  6:08  Stimpack, Marine  
  76  6:09  SCV  
  75  6:13  SCV  
  75  6:15  Starport Reactor  
  76  6:20  Orbital Command  
  76  6:21  SCV  
  76  6:22  Factory Reactor  
  76  6:25  SCV  
  78  6:26  Combat Shield  
  78  6:32  Terran Infantry Weapons Level 1  
  78  6:33  SCV  
  78  6:37  Terran Infantry Armor Level 1, SCV  
  78  6:39  Marine  
  81  6:41  Barracks  
  81  6:42  Barracks  
  81  6:44  Marauder x2  
  81  6:45  SCV  
  86  6:48  SCV  
  86  6:49  SCV  
  86  6:52  Supply Depot  
  86  6:54  Marine  
  89  6:57  SCV  
  89  6:59  Medivac x2  
  89  7:00  SCV  
  95  7:01  SCV  
  95  7:03  Supply Depot  
  95  7:07  Widow Mine x2  
  100  7:09  SCV  
  100  7:13  Marine  
  100  7:14  Marauder x2, Supply Depot, SCV  
  107  7:17  Marine  
  107  7:21  Supply Depot  
  108  7:26  SCV  
  108  7:27  Supply Depot  
  108  7:28  SCV  
  108  7:29  Armory  
  110  7:30  Barracks Tech Lab, Barracks Reactor  
  110  7:33  SCV  
  110  7:35  Marauder  
  113  7:42  Marine x2  
  113  7:43  Marauder  
  117  7:44  Medivac  
  117  7:48  SCV  
  117  7:50  SCV x2  
  122  7:53  Marauder, Supply Depot  
  122  7:57  Widow Mine x2  
  124  8:05  Marine  
  124  8:06  Marauder, SCV x2  
  124  8:07  SCV  
  124  8:18  SCV  
  124  8:19  Marauder, Marine x2, SCV  
  129  8:24  SCV  
  129  8:25  Marine  
  131  8:30  Viking x2  
  131  8:33  Terran Infantry Weapons Level 2, Terran Infantry Armor Level 2, SCV  
  134  8:35  Marine  
  134  8:39  Marauder x2  
  138  8:42  SCV  
  138  8:43  Concussive Shells  
  138  8:44  SCV  
  140  8:48  Supply Depot  
  140  8:49  Supply Depot  
  140  8:52  Marauder  
  140  8:53  SCV  
  140  8:54  SCV  
  140  8:55  Refinery x2  
  144  8:56  Marine x2  
  144  8:59  Widow Mine  
  148  9:08  Marine  
  149  9:10  Widow Mine, Marauder x2, Marine  
  149  9:11  Command Center, SCV x2  
  149  9:12  Marine  
  149  9:14  Medivac  
  149  9:15  Medivac  
  163  9:20  Supply Depot, SCV  
  163  9:21  Supply Depot  
  163  9:23  SCV  
  165  9:30  Ghost Academy  
  165  9:40  Supply Depot, Terran Ship Weapons Level 1  
  165  9:41  Supply Depot  
  165  9:42  SCV x3  
  155  10:00  SCV  
  155  10:01  Ghost x3  
  155  10:03  Viking x2, Marine x2  
  155  10:04  SCV  
  160  10:07  SCV  
  155  10:17  Enhanced Shockwaves  
  155  10:18  Marine  
  147  10:25  Widow Mine x2, Marine  
  147  10:26  Marine  
  147  10:27  SCV  
  147  10:28  SCV  
  155  10:30  SCV  
  155  10:33  Sensor Tower  
  156  10:37  Viking x2  
  156  10:38  Marine  
  156  10:39  SCV  
  156  10:41  Missile Turret x2  
  156  10:42  Barracks, Marauder, Missile Turret  
  164  10:43  Barracks  
  164  10:45  Barracks  
  164  10:46  SCV x2  
  164  10:48  Planetary Fortress  
  166  10:53  Marauder  
  168  11:00  Ghost  
  168  11:02  Widow Mine  
  168  11:03  Widow Mine, SCV x2  
  176  11:07  SCV  
  176  11:09  Marine x2  
  176  11:11  Bunker  
  179  11:12  Liberator  
  179  11:13  Viking  
  179  11:15  Ghost  
  179  11:16  Marauder  
  189  11:18  SCV  
  189  11:21  Missile Turret  
  189  11:32  Barracks Tech Lab x2, Barracks Reactor  
  188  11:36  SCV  
  188  11:37  SCV  
  188  11:39  Ghost  
  187  11:40  Marauder  
  187  11:43  Refinery x2, Command Center  
  187  11:44  Marine x2, Sensor Tower  
  187  11:46  Missile Turret  
  191  11:48  Bunker, Sensor Tower  
  191  11:53  Viking  
  197  11:54  Marauder x2  
  177  12:12  Marine x2  
  177  12:13  Marauder x2  
  156  12:19  Marine x2  
  156  12:20  Marauder  
  156  12:22  Medivac, Widow Mine x2  
  163  12:24  Medivac, Terran Infantry Weapons Level 3  
  163  12:27  Marine x2  
  163  12:28  Marauder  
  163  12:34  Marine x2  
  165  12:41  Marine x3  
  165  12:42  Marauder x2  
  172  12:44  Terran Infantry Armor Level 3  
  172  12:49  Terran Ship Weapons Level 2  
  172  12:53  Marine x3  
  172  12:54  Marauder  
  177  12:59  Marauder, Marine x2  
  177  13:04  Medivac x2  
  177  13:05  Widow Mine x2  
  189  13:18  Missile Turret  
  189  13:21  Marine x3  
  189  13:22  Marine x3  
  189  13:25  Planetary Fortress  
  189  13:27  Missile Turret  
  195  13:34  Marine x2  
  192  13:40  Marauder, Marine x2  
  198  13:54  Marauder  
  183  14:14  SCV  
  183  14:15  Ghost, SCV x2  
  180  14:22  Marauder x2  
  164  14:27  Marauder x2, Marine x4  
  164  14:28  Medivac x2, Widow Mine x2, Command Center  
  164  14:30  Marine  
  179  14:37  Marine  
  178  14:43  Marauder x2  
  178  14:44  Marine x2  
  184  14:46  Marine x2  
  184  14:48  Marauder x2  
  184  14:52  Marine x2  
  190  14:55  Marine  
  190  14:56  SCV x4  
  190  14:59  Widow Mine x2  
  199  15:02  Marine  
  199  15:04  Marauder  
  200  15:14  Marine  
  200  15:16  Marine  
  200  15:17  Marauder  
  196  15:22  Marauder, Marine x2  
  199  15:33  Liberator x2, SCV  
  196  15:39  Marine  
  196  15:40  Marauder, Marine  
  194  15:51  Marauder, Marine x2  
Show
View Real Time Build Order
Export as new Build Order

Neeb Protoss 

Build Orders: 1 Gate Expand, Blink Stalkers, Zealot Archon 

Get SALT Encoding   

  12  0:00  Probe  
  13  0:12  Probe  
  14  0:17  Pylon  
  14  0:24  Probe  
  14  0:27  Assimilator  
  15  0:36  Probe (Chrono Boost)  
  15  0:41  Gateway  
  16  0:48  Probe (Chrono Boost)  
  17  0:52  Probe (Chrono Boost)  
  18  1:03  Probe  
  19  1:15  Probe  
  20  1:22  Nexus  
  20  1:31  Cybernetics Core  
  20  1:34  Probe  
  20  1:39  Assimilator  
  21  1:46  Probe  
  22  1:48  Pylon  
  22  1:58  Probe (Chrono Boost)  
  23  2:04  Adept (Chrono Boost)  
  23  2:07  Warp Gate  
  26  2:08  Probe (Chrono Boost)  
  26  2:13  Probe (Chrono Boost)  
  27  2:20  Twilight Council  
  27  2:26  Probe (Chrono Boost)  
  27  2:28  Stalker  
  30  2:33  Probe (Chrono Boost)  
  31  2:42  Probe (Chrono Boost)  
  31  2:43  Probe (Chrono Boost)  
  33  2:47  Pylon  
  33  2:48  Probe (Chrono Boost)  
  33  2:49  Probe  
  33  2:51  Blink (Chrono Boost)  
  35  3:00  Probe  
  35  3:03  Probe  
  37  3:09  Robotics Facility  
  37  3:12  Probe  
  38  3:17  Gateway  
  38  3:18  Probe  
  39  3:24  Probe  
  40  3:30  Probe  
  41  3:34  Shield Battery  
  41  3:36  Probe  
  42  3:42  Probe  
  42  3:45  Nexus  
  43  3:48  Pylon  
  43  3:50  Probe  
  44  3:58  Warp Prism (Chrono Boost)  
  46  4:02  Stalker  
  46  4:04  Probe  
  46  4:09  Probe  
  50  4:12  Assimilator  
  50  4:13  Stalker  
  52  4:17  Probe  
  52  4:18  Assimilator  
  52  4:22  Probe  
  54  4:24  Pylon  
  54  4:27  Observer (Chrono Boost)  
  54  4:29  Probe  
  56  4:34  Probe  
  56  4:36  Stalker x2  
  61  4:41  Pylon, Probe  
  62  4:47  Probe  
  62  4:48  Observer  
  64  4:54  Forge  
  64  4:55  Probe  
  64  4:58  Probe  
  64  4:59  Stalker x2  
  70  5:01  Probe  
  72  5:07  Probe  
  72  5:10  Probe  
  72  5:13  Probe  
  72  5:19  Probe  
  73  5:21  Gateway  
  73  5:22  Probe  
  73  5:25  Probe, Robotics Bay  
  73  5:26  Protoss Ground Weapons Level 1 (Chrono Boost)  
  75  5:31  Stalker x2, Probe  
  75  5:32  Observer  
  75  5:34  Probe  
  82  5:37  Probe  
  82  5:43  Probe  
  82  5:46  Probe  
  82  5:48  Pylon, Charge  
  82  5:49  Gateway  
  84  5:51  Probe  
  84  5:55  Probe  
  82  5:59  Probe (Chrono Boost)  
  82  6:03  Probe (Chrono Boost)  
  84  6:08  Probe (Chrono Boost)  
  85  6:13  Probe (Chrono Boost), Colossus (Chrono Boost)  
  85  6:14  Assimilator x2  
  93  6:19  Probe (Chrono Boost)  
  93  6:20  Probe (Chrono Boost)  
  93  6:24  Gateway  
  93  6:25  Probe  
  94  6:26  Extended Thermal Lance  
  94  6:30  Shield Battery, Probe  
  94  6:31  Probe  
  97  6:37  Probe  
  97  6:39  Templar Archives  
  98  6:41  Sentry  
  98  6:45  Pylon  
  98  6:46  Pylon  
  100  6:47  Pylon  
  101  6:55  Pylon  
  101  7:00  Gateway x2, Colossus (Chrono Boost)  
  101  7:02  Gateway  
  101  7:07  Gateway  
  106  7:09  Gateway  
  106  7:12  Sentry x2  
  110  7:19  Nexus  
  110  7:23  Zealot  
  110  7:28  Pylon  
  112  7:30  Protoss Ground Armor Level 1 (Chrono Boost)  
  112  7:31  High Templar x2  
  112  7:37  Archon  
  116  7:39  Pylon  
  116  7:41  Photon Cannon  
  116  7:42  Colossus (Chrono Boost)  
  122  7:45  Pylon  
  122  7:53  Zealot x3  
  122  7:54  Zealot  
  128  8:01  Pylon  
  128  8:02  Pylon  
  128  8:04  Zealot x3  
  128  8:05  Zealot  
  136  8:09  Photon Cannon  
  130  8:13  Zealot x2  
  121  8:20  Stalker x2  
  123  8:33  Probe  
  123  8:34  Probe  
  123  8:35  Probe, Colossus (Chrono Boost)  
  123  8:39  High Templar x3  
  123  8:40  High Templar  
  138  8:44  Archon x2  
  138  8:50  Probe x2  
  140  8:56  Zealot x6  
  152  9:02  Forge  
  152  9:03  Probe  
  152  9:05  Photon Cannon  
  152  9:09  Shield Battery, Photon Cannon  
  153  9:15  High Templar x2  
  153  9:16  Zealot x2  
  161  9:22  Archon  
  155  9:25  Zealot x3, High Templar x2  
  155  9:28  Probe x2  
  155  9:31  Archon  
  167  9:38  Zealot x3  
  172  9:41  Protoss Ground Weapons Level 2 (Chrono Boost)  
  172  9:45  Probe x2  
  173  9:46  Protoss Ground Armor Level 2 (Chrono Boost)  
  173  9:50  Probe  
  172  9:58  Probe  
  169  10:02  Disruptor (Chrono Boost)  
  168  10:08  Robotics Facility, Probe  
  168  10:09  Probe  
  168  10:11  Probe  
  147  10:22  Observer  
  147  10:28  Assimilator x2, Disruptor (Chrono Boost)  
  147  10:29  Nexus  
  147  10:31  Pylon, Zealot x6  
  147  10:32  Zealot x3  
  168  10:36  Pylon  
  168  10:39  Dark Shrine  
  168  10:52  Photon Cannon x2  
  168  10:53  Zealot x3, High Templar x2  
  178  10:59  Archon  
  178  11:01  Disruptor (Chrono Boost)  
  178  11:04  Disruptor (Chrono Boost)  
  184  11:10  Probe x3, Photon Cannon  
  187  11:12  Photon Cannon  
  187  11:14  Gravitic Drive (Chrono Boost)  
  187  11:17  Zealot x3  
  193  11:32  Warp Prism  
  187  11:35  Observer  
  187  11:36  Disruptor  
  182  11:44  High Templar x4  
  182  11:45  Zealot x5  
  182  11:46  Protoss Ground Weapons Level 3 (Chrono Boost)  
  200  11:49  Assimilator, Archon x2  
  200  11:50  Assimilator  
  200  11:56  Dark Shrine  
  200  12:02  Protoss Ground Armor Level 3 (Chrono Boost)  
  174  12:15  Zealot x6  
  129  12:17  Disruptor x2 (Chrono Boost)  
  127  12:28  Zealot x2, Observer, High Templar x2  
  125  12:33  Archon  
  121  12:39  Stalker  
  121  12:40  Stalker x5  
  133  12:44  Disruptor (Chrono Boost)  
  136  12:54  Stalker x2  
  136  12:58  Disruptor  
  143  13:07  Dark Templar  
  143  13:08  Zealot, Dark Templar x2  
  143  13:09  Zealot x4  
  143  13:11  Stalker x8  
  159  13:18  Disruptor (Chrono Boost)  
  159  13:19  Stalker  
  159  13:20  Stalker  
  159  13:21  Probe  
  159  13:22  Probe  
  159  13:23  Probe  
  159  13:24  Probe x2  
  163  13:33  Probe  
  163  13:34  Probe  
  163  13:40  Stalker x7  
  163  13:41  Stalker, Disruptor (Chrono Boost)  
  180  14:00  Dark Templar x2  
  184  14:09  Probe x2  
  182  14:12  Pylon  
  154  14:19  Stalker x2  
  154  14:20  Stalker x8  
  159  14:27  Nexus  
  159  14:29  Pylon  
  159  14:32  Observer x2 (Chrono Boost)  
  161  14:48  Observer x2 (Chrono Boost)  
  162  14:56  Stalker x2  
  166  15:00  Dark Templar x4  
  166  15:03  Nexus  
  175  15:07  Observer  
  175  15:12  Probe x4  
  179  15:26  Probe  
  178  15:34  Stalker x7  
  192  15:40  Observer  
  121  16:13  Stalker x5  
  121  16:14  Stalker  
  121  16:17  Stalker x4  
Tags
 
Add a new tag
Caveats
  • Supply blocks, unpowered buildings, or Contaminate may cause inaccurate times.
  • Supply counts are checked every 10 seconds.